← All builds
Suicide front / Armada / Factory first / OBSERVED BUILD

Standard suicide front

Armada Suicide front build order · Supreme Isthmus

The role's baseline: Bot Lab at 0:21 then straight into reclaim-fed T1 bot production to contest the middle and hold until T2 arrives, with an Advanced Metal Extractor around 9:45.

#rush · 2020 distinct matches · 232 players · 71% of Armada Suicide front games · team won 59% of 2395 · Recently observed

HOW TO PLAY IT

Key timing: Bot Lab by 0:20

  1. Open with mex and lab-first to get Bot Lab up by 0:20.
  2. Expand mex and wind while lab pumps units toward middle.
  3. Push Sentry and early Rocketeer, Centurion to contest middle.
  4. Get T2 constructor out once Pond's boost lets you spare metal.
  5. Upgrade mex to Advanced Metal Extractor as you transition off T1 spam.

Phase by phase

TYPICAL OF ITS 2020 GAMES
  1. 1
  2. 2
  3. 3
PLAY THE OPENING

Follow the example game's first 6:00 step by step: what to build now, what comes next, and where it goes. At 1× it keeps pace with your own game.

  1. 1

    Bot Lab first

    Order
    1. Bot LabBot Lab done ~0:21, middle half 0:20–0:33

    Some games also: mex (44%)

  2. 2

    Bot Lab to 5:00

    Economy
    • Metal Extractor5Mex
    • Wind Turbine4Wind
    Builders
    • Construction Bot3 Con bot
    • Lazarus2 Lazarus
    Army
    • Sentry4 Sentry
    • Rocketeer16 Rocketeer
    • Tick2 Tick
    • Centurion1 Centurion
    Other
    • Radar Tower1 Radar Tower

    Some games also: pawn (37%) · con turret (34%)

    By 5:00 in all: 5 mex · 4 wind

    The example game in this phase · 51 steps
    1. TickTick ×2
    2. LazarusLazarus
    3. Construction BotCon bot
    4. SentrySentry
    5. CenturionCenturion
    6. Mex
    7. Construction BotCon bot
    8. Mex
    9. SentrySentry
    10. CenturionCenturion
    11. SentrySentry
    12. Mex ×2
    13. Radar TowerRadar Tower
    14. Construction BotCon bot
    15. BeholderBeholder
    16. Mex
    17. Dragon's TeethDragon's Teeth ×6
    18. RocketeerRocketeer
    19. Dragon's TeethDragon's Teeth ×5
    20. RocketeerRocketeer
    21. Dragon's TeethDragon's Teeth ×2
    22. Wind
    23. Dragon's TeethDragon's Teeth
    24. RocketeerRocketeer
    25. SentrySentry
    26. RocketeerRocketeer
    27. SentrySentry
    28. RocketeerRocketeer
    29. Wind
    30. TickTick
    31. LazarusLazarus
    32. Wind
    33. RocketeerRocketeer
    34. Wind
    35. RocketeerRocketeer
    36. Wind
    37. RocketeerRocketeer
    38. Wind
    39. RocketeerRocketeer
    40. Wind
    41. RocketeerRocketeer
    42. TickTick
    43. Wind
    44. LazarusLazarus
    45. Mex
    46. Radar TowerRadar Tower
    47. Wind
    48. RocketeerRocketeer
    49. SentrySentry
    50. RocketeerRocketeer
    51. SentrySentry
  3. 3

    5:00 to 10:00

    Economy
    • Metal Extractor1Mex
    • Wind Turbine15Wind
    Builders
    • Construction Turret2 Con turret
    • Lazarus2 Lazarus
    • Construction Bot1 Con bot
    Army
    • Sentry1 Sentry
    • Rocketeer8 Rocketeer

    Some games also: pawn (49%) · Radar Tower (46%) · tick (45%) · centurion (44%) · energy storage (43%) · eat Bot Lab (31%)

    By 10:00 in all: 6 mex · 21 wind · 1 energy storage · 2 con turret

    The example game in this phase · 234 steps
    1. RocketeerRocketeer
    2. Con turret
    3. RocketeerRocketeer ×2
    4. TickTick
    5. LazarusLazarus
    6. Con turret
    7. RocketeerRocketeer ×2
    8. Wind ×2
    9. RocketeerRocketeer
    10. Wind
    11. RocketeerRocketeer
    12. Wind
    13. Converter
    14. RocketeerRocketeer
    15. Con turret
    16. Wind ×2
    17. TickTick
    18. Wind
    19. LazarusLazarus
    20. Wind
    21. LazarusLazarus
    22. Wind
    23. Converter
    24. Wind
    25. LazarusLazarus
    26. Wind ×3
    27. Mex
    28. PawnPawn
    29. Converter
    30. Con turret
    31. PawnPawn
    32. Wind ×2
    33. PawnPawn
    34. Wind ×2
    35. PawnPawn
    36. Converter
    37. PawnPawn
    38. Wind
    39. PawnPawn
    40. Wind
    41. PawnPawn ×2
    42. Wind
    43. PawnPawn
    44. Vehicle PlantVehicle Plantdone 8:44
    45. PounderPounder
    46. Wind
    47. PawnPawn
    48. Con turret
    49. Converter
    50. LazarusLazarus
    51. Wind
    52. BlitzBlitz
    53. LazarusLazarus
    54. Wind
    55. TickTick
    56. Wind
    57. TickTick ×2
    58. BlitzBlitz
    59. Wind
    60. TickTick
    61. Advanced Metal ExtractorT2 mexdone 9:26 · typical 9:46
    62. TickTick
    63. Converter
    64. BlitzBlitz
    65. TickTick ×2
    66. BlitzBlitz
    67. Wind
    68. TickTick
    69. Wind
    70. TickTick
    71. BlitzBlitz
    72. TickTick
    73. BlitzBlitz
    74. TickTick ×2
    75. BlitzBlitz
    76. Wind
    77. TickTick
    78. Advanced Metal ExtractorT2 mex
    79. TickTick
    80. BlitzBlitz
    81. Wind
    82. TickTick
    83. BlitzBlitz
    84. Converter
    85. BlitzBlitz
    86. Wind
    87. LazarusLazarus
    88. Wind
    89. LazarusLazarus
    90. Advanced Metal ExtractorT2 mex
    91. TickTick
    92. Wind
    93. Vehicle PlantEat Vehicle Plantreclaimed for its metal
    94. Wind
    95. TickTick
    96. Converter
    97. TickTick
    98. Wind
    99. TickTick ×3
    100. Wind
    101. TickTick ×5
    102. Wind
    103. TickTick ×2
    104. Wind
    105. TickTick ×2
    106. Wind
    107. TickTick ×2
    108. Converter
    109. TickTick
    110. Wind
    111. TickTick ×2
    112. Wind
    113. TickTick ×2
    114. Wind
    115. TickTick
    116. Sneaky PeteSneaky Pete
    117. TickTick
    118. Wind
    119. TickTick
    120. Wind
    121. TickTick
    122. Wind
    123. Advanced Metal ExtractorT2 mex
    124. Wind
    125. TickTick
    126. Wind
    127. TickTick
    128. Wind
    129. Converter
    130. TickTick
    131. Wind
    132. TickTick ×2
    133. Wind
    134. TickTick
    135. Fusion ReactorFusiondone 12:57
    136. TickTick
    137. Wind
    138. TickTick
    139. Wind ×2
    140. Con turret
    141. TickTick
    142. Con turret
    143. Converter
    144. TickTick
    145. Wind
    146. TickTick
    147. Advanced Metal ExtractorT2 mex
    148. Con turret
    149. Wind
    150. TickTick
    151. Wind
    152. TickTick
    153. Wind ×2
    154. TickTick
    155. Converter
    156. TickTick
    157. Wind
    158. TickTick
    159. Wind
    160. TickTick
    161. Wind
    162. TickTick
    163. Wind
    164. TickTick
    165. Wind
    166. TickTick ×3
    167. Converter
    168. TickTick ×4
    169. Wind
    170. TickTick ×3
    171. Wind
    172. RattlesnakeRattlesnakenot finished by 15:00
    173. TickTick
    174. Wind
    175. TickTick
    176. Wind ×2
    177. TickTick
    178. Converter
    179. Vehicle PlantVehicle Plantdone 13:55
    180. TickTick
    181. Wind
    182. TickTick
    183. Vehicle PlantVehicle Plantdone 14:00
    184. Con turret
    185. Wind
    186. TickTick
    187. Wind
    188. BlitzBlitz
    189. TickTick
    190. BlitzBlitz ×2
    191. TickTick
    192. Wind
    193. BlitzBlitz
    194. TickTick
    195. Advanced Metal ExtractorT2 mex
    196. BlitzBlitz
    197. Wind
    198. BlitzBlitz
    199. Advanced Radar TowerAdvanced Radar Tower
    200. TickTick
    201. BlitzBlitz ×2
    202. TickTick
    203. BlitzBlitz
    204. Wind
    205. BlitzBlitz
    206. TickTick
    207. BlitzBlitz
    208. Converter
    209. BlitzBlitz
    210. TickTick
    211. BlitzBlitz ×2
    212. TickTick
    213. Wind
    214. BlitzBlitz
    215. Advanced Metal ExtractorT2 mex
    216. BlitzBlitz
    217. TickTick
    218. BlitzBlitz ×2
    219. Wind
    220. TickTick
    221. BlitzBlitz ×2
    222. LazarusLazarus
    223. Wind
    224. BlitzBlitz ×3
    225. TickTick
    226. Wind
    227. BlitzBlitz
    228. TickTick
    229. BlitzBlitz ×2
    230. TickTick
    231. Wind
    232. BlitzBlitz ×2
    233. TickTick
    234. Wind

Counts are medians over the build's games: half of them build more, half fewer. The example game is Soliloqueur's (40 OS, 13/10/2026); pick another.

Team trades

IN AT LEAST 30% OF ITS GAMES

You hand over

Nothing regular.

You get

  • Tidal Generator4 Tidal from Pondfirst at 0:11 · in 68% of games
  • Advanced Construction Bot1 T2 con bot from Geo or Techfirst at 7:41 · in 57% of games

How it plays out

Typical game of this build, running totals by minute

Metal produced

010k20k
0:005:0010:0015:00

metal

Enemy metal destroyed

05k10k
0:005:0010:0015:00

metal

Own metal lost

05k10k
0:005:0010:0015:00

metal

2395 games.

Show as table
ByMetal produced: This buildEnemy metal destroyed: This buildOwn metal lost: This build
1:0023000
2:0088600
3:002007184130
4:003108643501
5:0041841352998
6:00534921831707
7:00654430512590
8:00776039353502
9:00903546904383
10:001041253145163
11:001188958585965
12:001358364066686
13:001540468757453
14:001729875038214
15:001929281099007
WHAT THE NUMBERS SAY

Standard Suicide front play wins a bit over half its games while taking the heaviest own losses of any role by 15:00.

  • + Produces 20142 metal by 15:00, highest of the front roles.
  • + First kill by 2:01 in all games, fastest contest of middle.
  • − Own metal lost hits 9178 by 15:00, more than enemy metal destroyed.
  • − Only 34% Rocketeer share shows army spread thin across many bot types.
THE EXAMPLE YOU ARE READING

Soliloqueur

40.4 OS · 13/10/2026

Open source match ↗

5 received units · includes a constructor
207 metal received · 14442 energy received

Allied construction assistance is unknown. Timings are observations, not a promise of solo reproducibility.

Typical milestones

Bot Lab0:21Middle 50%: 0:20–0:33 · n=2387
Advanced Metal Extractor9:46Middle 50%: 8:50–10:58 · n=1732

Played most by

_X_262games of this buildPlatinumBlonde188games of this buildXad165games of this buildTrapCaT109games of this buildImmort80games of this build